 Dungeon Crawl Stone Soup version 0.28-a0-533-g9f97627 (webtiles) character file.

Game seed: 16555165426560188029

23 Geeful the Sneak (level 3, 0/22 HPs)
             Began as a Kobold Brigand on Sept 25, 2021.
             Slain by an endoplasm (2 damage)
             ... on level 2 of the Dungeon.
             The game lasted 00:02:15 (996 turns).

Geeful the Sneak (Kobold Brigand)                    Turns: 996, Time: 00:02:16

Health: 0/22       AC:  4    Str:  8    XL:     3   Next: 12%
Magic:  3/3        EV: 14    Int: 12    God:
Gold:   68         SH:  0    Dex: 17    Spells: 2/2 levels left

rFire   . . .      SeeInvis .   a - +2 dagger
rCold   . . .      Faith    .   (shield restricted)
rNeg    . . .      Spirit   .   b - +0 robe
rPois   .          Reflect  .   f - +0 helmet
rElec   .          Harm     .   c - +0 cloak
rCorr   .          Rampage  .   (no gloves)
Will    .....                   (no boots)
Stlth   ++++......              (no amulet)
HPRegen 0.07/turn               (no ring)
MPRegen 0.08/turn               (no ring)

@: no status effects
A: small, no large weapons, nightstalker 3
a: no special abilities


You were on level 2 of the Dungeon.
You visited 1 branch of the dungeon, and saw 2 of its levels.

You collected 68 gold pieces.

Inventory:

Hand Weapons
 a - a +2 dagger (weapon)
Missiles
 e - a curare-tipped dart (quivered)
Armour
 b - a +0 robe (worn)
 c - a +0 cloak (worn)
 f - a +0 helmet (worn)


   Skills:
 + Level 2.6 Fighting
 + Level 3.2 Short Blades
 - Level 2.1 Throwing
 + Level 2.0 Dodging
 + Level 5.6 Stealth


You had 2 spell levels left.
You didn't know any spells.
Your spell library was empty.

Dungeon Overview and Level Annotations

Branches:
Dungeon (2/15)

Altars:

Shops:
D:1 :


Innate Abilities, Weirdness & Mutations

You are small and have problems with some larger weapons.
You are completely attuned to the shadows.


Message History

Throw: 5 darts (poison)
Press: ? - help, Q - select action, (/) - cycle Shift-Dir - straight line, f/p - hobgoblin
Aim: a hobgoblin, wielding a +0 falchion (moderately wounded, 62% to hit)
You throw a poisoned dart.
The poisoned dart closely misses the hobgoblin.
The hobgoblin hits you with a +0 falchion.
* * * LOW HITPOINT WARNING * * *
Throw: 4 darts (poison)
Press: ? - help, Q - select action, (/) - cycle Shift-Dir - straight line, f/p - hobgoblin
Aim: a hobgoblin, wielding a +0 falchion (moderately wounded, 62% to hit)
You throw a poisoned dart.
The poisoned dart barely misses the hobgoblin.
An endoplasm comes into view.
The endoplasm misses you. The hobgoblin closely misses you.
Throw: 3 darts (poison)
Press: ? - help, Q - select action, (/) - cycle Shift-Dir - straight line, f/p - hobgoblin
Aim: a hobgoblin, wielding a +0 falchion (moderately wounded, 62% to hit)
You throw a poisoned dart. The poisoned dart hits the endoplasm.
The endoplasm jiggles.
The endoplasm misses you.
Throw: 2 darts (poison)
Press: ? - help, Q - select action, (/) - cycle Shift-Dir - straight line, f/p - hobgoblin
Aim: a hobgoblin, wielding a +0 falchion (moderately wounded, 62% to hit)
You throw a poisoned dart. The poisoned dart hits the endoplasm.
The endoplasm freezes you.
You are frozen.
* * * LOW HITPOINT WARNING * * *
Throw: dart (poison)
Press: ? - help, Q - select action, (/) - cycle Shift-Dir - straight line, f/p - hobgoblin
Aim: a hobgoblin, wielding a +0 falchion (moderately wounded, 62% to hit)
You throw a poisoned dart. The poisoned dart hits the endoplasm.
The endoplasm closely misses you.
Throw: 2 darts (curare)
Press: ? - help, Q - select action Shift-Dir - straight line, f/p - hobgoblin
Aim: a hobgoblin, wielding a +0 falchion (moderately wounded, 62% to hit)
You throw a curare-tipped dart.
The curare-tipped dart hits the endoplasm.
The endoplasm hits you.
You die...

.....####..
...>......(
..#..####.. #..#
#.## #.# #g# #J#
#@# ###.# #...#
### #.#.# .
...#####.#.#
#.#####...#...#.#
#...<####.#.###.#
#[....†.........
..###.####..##..


You could see an endoplasm and a hobgoblin.

Vanquished Creatures
  An adder (D:2)
  A dart slug (D:1)
  4 ball pythons
  An endoplasm (D:1)
  A giant cockroach (D:1)
  A goblin (D:1)
  2 hobgoblins (D:1)
  A kobold (D:1)
12 creatures vanquished.

Notes
Turn   | Place    | Note
-------+----------+-------------------------------------------
     0 | D:1      | Geeful the Kobold Brigand began the quest for the Orb.
     0 | D:1      | Reached XP level 1. HP: 12/12 MP: 1/1
   112 | D:1      | Reached XP level 2. HP: 8/18 MP: 2/2
   468 | D:1      | Found Riyreho's Book Shop.
   789 | D:2      | Reached XP level 3. HP: 11/22 MP: 3/3
   996 | D:2      | Slain by an endoplasm

Illustrated notes

Levels and vault maps discovered:
D:1:      lemuel_arrival_river_ford, layout_basic, serial_shops,
          nicolae_square_shop
D:2:      layout_rooms

Skill      XL: |  1  2 |
---------------+-------+-----
Short Blades   | 3 |  3.2
Dodging        | 2 |  2.0
Fighting       | |  2.6
Throwing       | |  2.1
Stealth        | |  5.6

Action                   || total
-------------------------++-------
Melee: Dagger            ||    44
Throw: Dart              ||     9
 Stab: Sleeping          ||     7
Armor: Robe              ||     9
Dodge: Dodged            ||    22

Table legend: (Time is in decaauts)
 A = Elapsed time spent in this place.
 B = Non-inter-level travel time spent in this place.
 C = Inter-level travel time spent in this place.
 D = Time resting spent in this place.
 E = Time spent auto-exploring this place.
 F = Levels seen in this place.
 G = Mean time per level.
                   A        B        C        D        E       F      G
               +--------+--------+--------+--------+--------+-----+--------+
         Total |    992 |    973 |     19 |      0 |    856 |   2 |  496.0 |
       Dungeon |    992 |    973 |     19 |      0 |    856 |   2 |  496.0 |
               +--------+--------+--------+--------+--------+-----+--------+

Top non-repeatable levels by time:
     D:1: 772 daAuts
     D:2: 220 daAuts
